Map: Ever Dream LE

Players

Silky

  • Race: Zerg Zerg
  • Spawn Location: 1:00

Scarlett - Winner!

  • Race: Zerg Zerg
  • Spawn Location: 7:00

Event: DreamHack SC2 Masters 2020 Summer North America

VOD

Have the link to the VOD?

Description

Time

  • Played on: July 1, 2020, 3:38 p.m.
  • Length: 12:49

All games in this series

Show
View Real Time Build Order
Export as new Build Order

Silky Zerg 

Build Orders: Hatch First, Lurkers, Roach Hydra 

Get SALT Encoding   

  12  0:00  Drone  
  13  0:12  Overlord  
  13  0:16  Drone  
  14  0:30  Drone x2  
  16  0:47  Hatchery  
  15  0:50  Drone  
  15  0:54  Drone  
  17  0:57  Drone  
  18  1:08  Extractor  
  17  1:12  Spawning Pool  
  17  1:15  Drone  
  17  1:18  Drone  
  18  1:28  Drone  
  19  1:38  Drone  
  20  1:49  Drone  
  21  1:58  Drone  
  21  1:59  Overlord  
  21  2:00  Queen x2  
  26  2:07  Metabolic Boost  
  26  2:10  Drone  
  26  2:11  Drone  
  28  2:20  Drone  
  28  2:21  Drone  
  30  2:31  Hatchery  
  30  2:33  Drone  
  30  2:35  Drone  
  31  2:44  Baneling Nest  
  31  2:45  Overlord  
  31  2:47  Drone  
  31  2:53  Drone x2  
  33  3:03  Drone, Queen  
  33  3:04  Drone  
  37  3:09  Zergling x4  
  37  3:10  Zergling x2  
  37  3:11  Drone  
  41  3:14  Overlord  
  41  3:19  Drone  
  42  3:23  Evolution Chamber, Drone  
  42  3:25  Drone  
  43  3:28  Baneling  
  43  3:31  Drone  
  44  3:35  Overlord  
  44  3:38  Zergling x2  
  44  3:39  Drone x3  
  48  3:43  Drone  
  48  3:44  Drone  
  50  3:50  Zerg Missile Weapons Level 1  
  50  3:51  Overlord  
  50  3:53  Zergling x2  
  51  3:55  Drone  
  51  3:59  Roach Warren  
  51  4:01  Drone  
  51  4:07  Drone x2, Lair  
  53  4:10  Zergling x2  
  53  4:11  Overlord  
  53  4:13  Drone x2  
  55  4:21  Drone x5  
  60  4:26  Extractor x2  
  58  4:32  Drone x6  
  64  4:38  Overlord  
  64  4:41  Pneumatized Carapace  
  64  4:44  Extractor x2  
  64  4:45  Drone x2, Extractor  
  63  4:50  Drone x3  
  63  4:51  Drone  
  67  4:53  Drone x2  
  67  4:55  Overlord  
  67  4:56  Drone  
  67  4:57  Drone x3  
  73  5:02  Overlord  
  73  5:05  Baneling x2  
  73  5:06  Overlord  
  73  5:15  Drone x2  
  73  5:17  Glial Reconstitution  
  73  5:20  Overseer, Hatchery  
  73  5:22  Roach x2  
  73  5:24  Drone  
  73  5:25  Drone  
  78  5:28  Drone  
  78  5:29  Drone x2  
  78  5:31  Roach  
  83  5:36  Roach x2  
  83  5:39  Overlord  
  83  5:40  Roach  
  83  5:41  Roach  
  91  5:46  Roach x2  
  95  5:50  Drone, Spore Crawler  
  95  5:52  Spore Crawler  
  95  5:53  Baneling x2  
  95  5:54  Baneling  
  95  5:56  Zerg Missile Weapons Level 2  
  94  5:59  Roach  
  94  6:00  Roach  
  94  6:01  Evolution Chamber  
  94  6:03  Roach  
  94  6:04  Roach  
  101  6:07  Roach x2  
  101  6:11  Roach x2  
  109  6:14  Overlord  
  109  6:16  Roach x2  
  113  6:20  Roach x2  
  113  6:22  Overlord  
  113  6:25  Roach x2  
  121  6:29  Zerg Ground Armor Level 1  
  121  6:30  Overlord  
  121  6:32  Ravager x3  
  124  6:33  Roach  
  124  6:35  Roach  
  124  6:39  Roach x2  
  132  6:41  Roach  
  132  6:42  Roach  
  132  6:43  Ravager  
  132  6:45  Roach  
  139  6:49  Roach x3  
  139  6:53  Overlord x2  
  145  6:57  Drone x3  
  145  6:59  Overlord  
  145  7:00  Drone  
  145  7:01  Drone  
  144  7:02  Drone  
  144  7:04  Roach  
  147  7:12  Roach x4  
  147  7:15  Overlord  
  155  7:16  Roach  
  155  7:18  Drone x2  
  158  7:23  Roach x2  
  158  7:29  Overlord  
  161  7:34  Hydralisk Den  
  158  7:40  Drone x10  
  158  7:43  Spore Crawler  
  154  7:46  Queen x2  
  134  8:00  Queen  
  134  8:01  Queen  
  134  8:02  Spore Crawler  
  128  8:09  Hydralisk  
  128  8:10  Hydralisk x7  
  132  8:17  Hydralisk x3  
  132  8:18  Hydralisk  
  128  8:22  Grooved Spines  
  124  8:27  Hydralisk x3  
  124  8:28  Spore Crawler  
  124  8:30  Roach  
  124  8:32  Roach x2  
  124  8:34  Hydralisk  
  129  8:36  Hydralisk  
  129  8:40  Queen  
  131  8:43  Zerg Ground Armor Level 2  
  131  8:45  Hydralisk  
  131  8:47  Hydralisk  
  135  8:50  Roach x2  
  135  8:53  Roach x2  
  135  8:54  Roach  
  145  8:57  Spore Crawler  
  145  9:00  Spore Crawler  
  145  9:01  Roach x2  
  147  9:09  Overlord x2  
  147  9:11  Unknown, Hydralisk x2  
  150  9:18  Overlord  
  150  9:21  Overlord  
  150  9:23  Overlord x2  
  150  9:27  Lurker Den  
  150  9:30  Hydralisk x2  
  150  9:31  Hydralisk x2  
  153  9:34  Muscular Augments  
  153  9:35  Spore Crawler  
  153  9:37  Spore Crawler  
  155  9:39  Roach x3  
  155  9:43  Roach x2  
  155  9:45  Spore Crawler  
  164  9:47  Spine Crawler  
  164  9:51  Roach x3  
  167  9:56  Roach x3  
  173  10:02  Hydralisk x2  
  173  10:03  Hydralisk  
  171  10:09  Roach x4  
  155  10:27  Hydralisk x2  
  155  10:28  Hydralisk x6  
  141  10:32  Hydralisk x3  
  137  10:39  Lurker x3  
  137  10:40  Queen  
  137  10:42  Hydralisk  
  142  10:49  Hydralisk x3  
  143  11:00  Hydralisk x4  
  151  11:07  Drone x3  
  151  11:08  Hydralisk  
  156  11:15  Spore Crawler  
  155  11:20  Overlord  
  155  11:29  Hydralisk x7  
  152  11:39  Hydralisk x2  
  152  11:50  Hatchery, Hydralisk  
  153  11:55  Lurker  
  153  11:56  Lurker  
  155  12:03  Infestation Pit  
  145  12:20  Overseer  
  145  12:22  Hydralisk x4  
Show
View Real Time Build Order
Export as new Build Order

Scarlett Zerg - Winner!

Build Orders: Hatch First, Muta Ling Bane 

Get SALT Encoding   

  12  0:01  Drone  
  13  0:13  Overlord  
  13  0:18  Drone  
  14  0:31  Drone x2  
  16  0:49  Hatchery  
  15  0:52  Drone  
  15  0:56  Drone  
  17  1:00  Drone  
  18  1:11  Extractor  
  17  1:15  Spawning Pool  
  17  1:17  Drone  
  17  1:21  Drone  
  18  1:28  Drone  
  19  1:39  Drone  
  20  1:50  Drone  
  21  2:02  Drone, Queen  
  21  2:03  Overlord, Queen  
  26  2:10  Metabolic Boost  
  26  2:12  Drone x2  
  28  2:23  Drone x2  
  30  2:34  Drone  
  30  2:35  Hatchery  
  30  2:39  Drone  
  31  2:45  Zergling x2  
  31  2:50  Overlord, Baneling Nest  
  31  2:54  Drone  
  31  2:56  Drone  
  33  3:06  Zergling x2  
  33  3:10  Drone x4  
  33  3:11  Drone x2  
  40  3:14  Zergling x2  
  40  3:18  Overlord  
  41  3:22  Queen  
  43  3:30  Evolution Chamber  
  43  3:34  Zergling x2  
  43  3:35  Baneling x2  
  43  3:42  Drone x5  
  43  3:43  Drone x2  
  43  3:46  Overlord  
  50  3:49  Drone x2  
  50  3:51  Drone  
  50  3:54  Extractor  
  52  3:57  Zerg Missile Weapons Level 1  
  52  4:01  Overlord  
  53  4:02  Drone  
  53  4:03  Drone  
  53  4:07  Drone x2  
  56  4:10  Drone, Extractor  
  56  4:15  Overlord  
  56  4:16  Drone, Lair  
  57  4:21  Zergling x4  
  57  4:23  Drone x3  
  60  4:32  Roach Warren, Drone x3  
  60  4:35  Drone  
  63  4:38  Zergling x2  
  63  4:45  Drone x2  
  66  4:48  Extractor  
  66  4:52  Drone x3  
  68  4:53  Drone x2  
  68  4:55  Drone x3  
  73  5:00  Zergling x2, Extractor  
  73  5:01  Extractor, Zergling x2  
  73  5:06  Drone  
  73  5:13  Drone x5  
  78  5:14  Glial Reconstitution  
  78  5:17  Overseer  
  78  5:25  Drone, Overlord  
  78  5:28  Hatchery  
  76  5:32  Drone x4  
  82  5:35  Roach  
  82  5:36  Overlord x2  
  82  5:37  Overlord  
  82  5:45  Spire  
  81  5:51  Roach x3  
  81  5:54  Zerg Melee Weapons Level 1  
  87  6:00  Roach  
  87  6:01  Roach x5  
  99  6:10  Roach x7  
  113  6:27  Drone  
  113  6:29  Overlord x2  
  113  6:30  Unknown  
  113  6:31  Drone  
  114  6:34  Overlord x6  
  114  6:46  Roach x3  
  119  7:04  Mutalisk x11  
  119  7:07  Zerg Flyer Weapons Level 1  
  141  7:15  Mutalisk x2  
  142  7:26  Mutalisk x2  
  142  7:28  Overlord x4  
  142  7:29  Roach, Zergling x4  
  146  7:39  Overlord, Zergling x8  
  146  7:41  Queen  
  145  7:45  Mutalisk x2  
  125  7:55  Mutalisk x3  
  125  7:57  Zergling x6  
  119  8:03  Mutalisk  
  109  8:06  Zergling x6  
  109  8:07  Zergling x2  
  108  8:15  Drone  
  108  8:16  Drone x5  
  111  8:26  Drone  
  111  8:34  Zerg Melee Weapons Level 2, Drone  
  111  8:42  Hatchery  
  111  8:43  Queen  
  111  8:46  Queen  
  114  8:52  Drone x5  
  114  8:54  Drone  
  119  8:57  Zergling x8  
  119  9:02  Zergling x2  
  124  9:03  Zergling x4  
  124  9:06  Zerg Flyer Weapons Level 2  
  126  9:11  Baneling x7  
  126  9:21  Zergling x12  
  126  9:23  Baneling x9  
  132  9:27  Queen  
  132  9:35  Mutalisk  
  132  9:36  Mutalisk x2  
  138  9:46  Baneling x17  
  138  9:53  Zergling x4  
  138  9:54  Zergling x8  
  138  9:56  Centrifical Hooks  
  142  10:12  Zergling x24  
  140  10:26  Mutalisk  
  140  10:27  Mutalisk x5  
  142  10:35  Baneling x7  
  142  10:36  Baneling x11  
  142  10:39  Baneling x3  
  142  10:43  Zergling x10  
  147  10:53  Mutalisk x3  
  147  10:54  Baneling  
  151  11:02  Zergling x16  
  159  11:06  Zergling x8  
  159  11:07  Zergling x4  
  159  11:09  Baneling x5  
  165  11:17  Baneling x7  
  165  11:20  Overseer, Pneumatized Carapace  
  146  11:36  Baneling x10  
  146  11:38  Baneling x10  
  146  11:40  Baneling  
  146  11:41  Baneling  
  143  11:52  Baneling x5  
  143  11:59  Zergling x32  
  159  12:04  Zergling x14  
  165  12:14  Overseer  
  165  12:15  Mutalisk x4  
  163  12:18  Baneling x4  
Tags
 
Add a new tag
Caveats
  • Supply blocks, unpowered buildings, or Contaminate may cause inaccurate times.
  • Supply counts are checked every 10 seconds.